 Dungeon Crawl Stone Soup version 0.28.0-47-ge53b351184 (webtiles) character file.

Game seed: 8615460789640684662

877 NinjaNoafa the Ruffian (level 7, -3/70 HPs)
             Began as a Troll Fighter on May 4, 2022.
             Was an Initiate of Trog.
             Killed from afar by a white imp (8 damage)
             ... with a puff of frost
             ... summoned by Eustachio
             ... on level 6 of the Dungeon.
             The game lasted 00:12:37 (4640 turns).

NinjaNoafa the Ruffian (Troll Fighter)              Turns: 4640, Time: 00:12:38

Health: -3/70      AC:  4    Str: 26 (27) XL:     7   Next: 75%
Magic:  6/6        EV:  9    Int: -1 (2)  God:    Trog [......]
Gold:   235        SH:  7    Dex:  7 (9)  Spells: 6/6 levels left

rFire   . . .      SeeInvis +     - Unarmed
rCold   . . .      Faith    +   b - +0 kite shield
rNeg    . . .      Spirit   .   a - +0 robe
rPois   .          Reflect  .   (helmet restricted)
rElec   .          Harm     .   (no cloak)
rCorr   .          Rampage  .   (gloves unavailable)
Will    .....                   (boots unavailable)
Stlth   +.........              n - amulet of faith
HPRegen 1.01/turn               c - ring of see invisible
MPRegen 0.10/turn               (no ring)

@: slowed, lost intelligence, unable to read, very slow
A: large, unfitting armour, claws 3, regeneration 1, shaggy fur 1, tough skin 1,
antennae 1, dopey 1
a: Renounce Religion


You were on level 6 of the Dungeon.
You worshipped Trog.
Trog was noncommittal.
You visited 2 branches of the dungeon, and saw 7 of its levels.

You collected 235 gold pieces.

Inventory:

Missiles
 m - 5 boomerangs (quivered)
Armour
 a - a +0 robe (worn)
 b - a +0 kite shield (worn)
Jewellery
 c - a ring of see invisible (left claw)
 n - an amulet of faith (around neck)
Scrolls
 e - 3 scrolls of identify {unknown}
 h - a scroll of fog {unknown}
 j - 2 scrolls of teleportation {unknown}
 l - a scroll of brand weapon {unknown}
 o - 2 scrolls of enchant weapon {unknown}
 p - a scroll of torment {unknown}
 q - a scroll of immolation {unknown}
Potions
 d - a potion of attraction
 i - a potion of degeneration


   Skills:
 + Level 4.0 Fighting
 + Level 4.0 Dodging
 + Level 4.0 Shields
 * Level 5.9 Unarmed Combat


You had 6 spell levels left.
You didn't know any spells.
Your spell library contained the following spells:

 Spells                   Type           Power      Damage    Failure   Level
 Summon Small Mammal      Summ           0%         N/A       86%         1
 Call Canine Familiar     Summ           0%         N/A       99%         3
 Gell's Gravitas          Tloc           0%         N/A       99%         3
 Lesser Beckoning         Tloc           0%         N/A       99%         3
 Summon Guardian Golem    Hex/Summ       0%         N/A       99%         3
 Teleport Other           Tloc           0%         N/A       99%         3


Dungeon Overview and Level Annotations

Branches:
Dungeon (6/15)             Temple (1/1) D:5

Altars:
Ashenzari
Cheibriados
Dithmenos
Fedhas
Hepliaklqana
Kikubaaqudgha
Makhleb
Nemelex Xobeh
Okawaru
Qazlal
Trog
Uskayaw
Vehumet
Wu Jian
Xom
Yredelemnul
Zin
The Shining One

Shops:
D:6 *

Annotations:
D:6 Eustachio


Innate Abilities, Weirdness & Mutations

You are too large for most types of armour.
You have claws for hands.
Your natural rate of healing is unusually fast.
You are covered in fur. (AC +1)
You have tough skin. (AC +1)
You have a pair of small antennae on your head.
You are dopey. (Int -2)


Message History

The ufetubus hits you but does no damage.
You are too confused!
You mangle the orc wizard!!
You kill the orc wizard!
Trog accepts your kill.
Trog appreciates your killing of a magic user.
The orc hits you with a +0 whip.
* * * LOW HITPOINT WARNING * * *
The ufetubus barely misses you.
The ufetubus hits you but does no damage.
The white imp gestures at you. The puff of frost hits you.
* * * LOW HITPOINT WARNING * * *
The orc hits you but does no damage. The river rat barely misses you.
Eustachio mumbles some strange words.
The orc barely misses you. The ufetubus barely misses you.
The ufetubus hits you.
* * * LOW HITPOINT WARNING * * *
The white imp hits you.
* * * LOW HITPOINT WARNING * * *
The white imp freezes you.
* * * LOW HITPOINT WARNING * * *
You feel less confused. The orc barely misses you.
You block the ufetubus's attack. The ufetubus barely misses you.
You block the orc's attack. The orc misses you.
The river rat barely misses you. You block the orc's attack.
You block the rat's attack. The river rat bites you.
* * * LOW HITPOINT WARNING * * *
The orc hits you with a +0 whip.
* * * LOW HITPOINT WARNING * * *
Unknown command.
The rat bites you.
* * * LOW HITPOINT WARNING * * *
The white imp lashes its tail.
The rat barely misses you. You block the orc's attack.
Eustachio completely misses you. The white imp gestures at you.
The puff of frost hits you!
You die...

#.##.##........##.####.#
#.##.##................#
..##.........≈...§..#
#..............)....#
#.##.###......)∩5..##
#....# #...?...brr.#
#... ...####.≈..o#5#
#.##.##. ###..o@r..# #.#
.##. #......@.## #.. #
#+++###..# ##.# #. ##


You could see Eustachio, 2 river rats, a white imp (summoned), 2 orcs, an
ufetubus (summoned), a bat (summoned) and a rat (summoned).

Vanquished Creatures
  Sigmund (D:2)
  A necrophage (D:4)
  An ogre (D:5)
  A centaur (D:5)
  A bullfrog zombie (D:5)
  2 jellies
  A bullfrog skeleton (D:4)
  2 iguanas (D:5)
  2 centaur skeletons (D:5)
  2 orc wizards (D:6)
  A hound zombie (D:5)
  A gnoll (D:1)
  9 adders
  An ufetubus (D:4)
  3 worms
  A dart slug (D:4)
  3 orcs
  7 endoplasms
  3 giant cockroaches
  8 goblins
  8 hobgoblins
  3 quokkas
  8 ball pythons
  9 bats
  5 frilled lizards
  9 kobolds
  6 rats
99 creatures vanquished.

Notes
Turn   | Place    | Note
-------+----------+-------------------------------------------
     0 | D:1      | NinjaNoafa the Troll Fighter began the quest for the Orb.
     0 | D:1      | Reached XP level 1. HP: 22/22 MP: 0/0
   205 | D:1      | Reached XP level 2. HP: 29/29 MP: 1/1
   329 | D:1      | Reached XP level 3. HP: 30/36 MP: 2/2
   663 | D:2      | Noticed Sigmund
   672 | D:2      | Killed Sigmund
   673 | D:2      | Reached skill level 3 in Unarmed Combat
   673 | D:2      | Reached XP level 4. HP: 45/45 MP: 3/3
   673 | D:2      | Reached XP level 5. HP: 53/53 MP: 4/4
   702 | D:2      | Reached skill level 4 in Unarmed Combat
  1767 | D:3      | Reached XP level 6. HP: 61/61 MP: 5/5
  2589 | D:4      | Found a stormy altar of Qazlal.
  2589 | D:4      | Found a hide-covered altar of Uskayaw.
  2590 | D:4      | Found a shimmering altar of Xom.
  2769 | D:4      | You fall into a shaft and drop 1 floor!
  2769 | D:5      | Entered Level 5 of the Dungeon
  2793 | D:5      | Reached skill level 5 in Unarmed Combat
  2793 | D:5      | Reached XP level 7. HP: 15/67 MP: 6/6
  3015 | D:5      | Found an iron altar of Okawaru.
  3107 | D:5      | Found a staircase to the Ecumenical Temple.
  3560 | Temple   | Entered the Ecumenical Temple
  4041 | Temple   | Became a worshipper of Trog the Wrathful
  4191 | D:5      | Found an ornate altar of the Wu Jian Council.
  4479 | D:6      | Noticed Eustachio
  4488 | D:6      | Lost intelligence.
  4488 | D:6      | Gained mutation: You are dopey. (Int -2) [potion of
                  | mutation]
  4488 | D:6      | Gained mutation: You have a pair of small antennae on your
                  | head. [potion of mutation]
  4613 | D:6      | Found Duiphas's Elemental Accessories.
  4640 | D:6      | Killed from afar by a white imp

Illustrated notes

Levels and vault maps discovered:
D:1:      minmay_arrival_widening_spiral_wide, layout_basic, hex_large,
          glass_columns_b
D:2:      layout_loops_corners, hangedman_feature_mirror, uniq_sigmund
D:3:      layout_loops_corners
D:4:      layout_basic, gammafunk_temple_overflow_claw, kennysheep_path_1
D:5:      layout_basic, kennysheep_little_box, nicolae_overflow_crystal_walls,
          lemuel_temple_firewalk_b
D:6:      layout_loops_cross, tgw_sif, kennysheep_cluttered_room,
          minmay_misc_feat_diagonals, nicolae_elemental_shop, uniq_eustachio
Temple:   cyrus_circular_temple

Skill      XL: |  1  2  3  4  5  6  7 |
---------------+----------------------+-----
Fighting       | 3 4 |  4.0
Dodging        | 3 4 |  4.0
Shields        | 3 4 |  4.0
Unarmed Combat | 3 4 5 |  5.9

Action                   |  1- 3 |  4- 6 |  7- 9 || total
-------------------------+-------+-------+-------++-------
Melee: Unarmed           |    74 |   143 |    64 ||   281
  Use: Potion            |     1 |       |     6 ||     7
 Stab: Sleeping          |     1 |     1 |       ||     2
Armor: Robe              |    39 |    32 |    38 ||   109
Dodge: Dodged            |    29 |    52 |    47 ||   128
Block: Kite shield       |    30 |    54 |    38 ||   122
